 Dungeon Crawl Stone Soup version 0.28-a0-1143-gcf6077d4cc (webtiles) character file.

Game seed: 5953439290173017082

3649 leviel the Cleaver (level 10, -14/83 HPs)
             Began as a Hill Orc Fighter on Dec 14, 2021.
             Was a Follower of the Shining One.
             Killed from afar by an oklob plant (15 damage)
             ... with a splash of acid
             ... on level 8 of the Dungeon.
             The game lasted 00:08:49 (7353 turns).

leviel the Cleaver (Hill Orc Fighter)               Turns: 7353, Time: 00:08:50

Health: -14/83     AC: -2    Str: 24    XL:     10   Next: 12%
Magic:  13/13      EV:  7    Int:  8    God:    the Shining One [*.....]
Gold:   309        SH: 10    Dex: 16    Spells: 9/9 levels left

rFire   . . .      SeeInvis .   a - +0 war axe
rCold   . . .      Faith    .   c - +0 buckler
rNeg    . . .      Spirit   .   m - +0 plate armour
rPois   +          Reflect  +   (no helmet)
rElec   .          Harm     .   (no cloak)
rCorr   .          Rampage  .   l - +0 pair of gloves
Will    .....                   (no boots)
Stlth   ..........              z - amulet of reflection
HPRegen 0.23/turn               g - ring of poison resistance
MPRegen 0.13/turn               B - +6 ring of dexterity

@: corroded, glowing
A: no striking features
a: Renounce Religion, Divine Shield


You were on level 8 of the Dungeon.
You worshipped the Shining One.
The Shining One was aware of your devotion.
You visited 2 branches of the dungeon, and saw 9 of its levels.

You collected 352 gold pieces.
You spent 43 gold pieces at shops.

Inventory:

Hand Weapons
 a - a +0 war axe (weapon)
Missiles
 j - 24 poisoned darts
 u - 6 curare-tipped darts
Armour
 c - a +0 buckler (worn)
 l - a +0 pair of gloves (worn)
 m - a +0 plate armour (worn)
Jewellery
 g - a ring of poison resistance (left hand)
 z - an amulet of reflection (around neck)
 B - a +6 ring of dexterity (right hand)
Wands
 q - a wand of digging (5)
 s - a wand of polymorph (8)
 w - a wand of paralysis (13)
 y - a wand of iceblast (14)
 D - a wand of flame (8) (quivered)
Scrolls
 b - a scroll of holy word {unknown}
 f - 6 scrolls of identify {@r1}
 i - 2 scrolls of teleportation
 n - 2 scrolls of noise {unknown}
 o - a scroll of summoning {unknown}
 p - a scroll of blinking {unknown}
 v - a scroll of enchant armour {unknown}
 A - a scroll of immolation {unknown}
Potions
 d - a potion of flight {unknown}
 e - 3 potions of invisibility {unknown}
 h - 3 potions of curing
 k - 3 potions of lignification {unknown}
 r - a potion of brilliance {unknown}
 t - a potion of degeneration {unknown}
 x - 3 potions of haste
 C - a potion of mutation {unknown}


   Skills:
 + Level 5.9 Fighting
 + Level 14.5 Axes
 + Level 5.4 Armour
 + Level 5.3 Shields
 + Level 5.0 Invocations
 + Level 3.6 Evocations


You had 9 spell levels left.
You didn't know any spells.
Your spell library contained the following spells:

 Spells                   Type           Power      Damage    Failure   Level
 Shock                    Conj/Air       0%         1d3       100%        1
 Blink                    Tloc           0%         N/A       100%        2
 Ensorcelled Hibernation  Hex/Ice        0%         N/A       100%        2
 Passwall                 Tmut/Erth      0%         N/A       100%        2
 Gell's Gravitas          Tloc           0%         N/A       100%        3
 Lesser Beckoning         Tloc           0%         N/A       100%        3
 Swiftness                Air            0%         N/A       100%        3
 Teleport Other           Tloc           0%         N/A       100%        3
 Tukima's Dance           Hex            0%         N/A       100%        3
 Airstrike                Air            0%         N/A       100%        4
 Summon Lightning Spire   Summ/Air       0%         N/A       100%        4
 Manifold Assault         Tloc           0%         N/A       100%        5
 Storm Form               Tmut/Air       0%         N/A       100%        7
 Maxwell's Capacitive Co  Air            0%         ∞         100%        8


Dungeon Overview and Level Annotations

Branches:
Dungeon (8/15)             Temple (1/1) D:4
   Lair: D:8-11

Altars:
Ashenzari
Cheibriados
Elyvilon
Fedhas
Gozag
Hepliaklqana
Kikubaaqudgha
Makhleb
Nemelex Xobeh
Okawaru
Qazlal
Ru
Sif Muna
Trog
Uskayaw
Vehumet
Wu Jian
Xom
Yredelemnul
Zin
The Shining One

Shops:
D:5 *

Annotations:
D:8 exclusion: 2 oklob plants


Message History

Marking area around an oklob plant as unsafe for travelling.
Really walk into a travel-excluded area? [Y]es or [N]o only, please.
Really walk into a travel-excluded area?
The oklob plant spits acid at you. The splash of acid hits you!!
The acid corrodes you!
Found 19 gold pieces.
You hit the oklob plant.
The oklob plant is lightly damaged.
You hit the bush but do no damage. You hit the plant but do no damage.
You slash the oklob plant!
The oklob plant is lightly damaged.
You hit the plant but do no damage. You completely miss the bush.
You hit the oklob plant but do no damage.
The oklob plant is lightly damaged.
You hit the plant but do no damage. You hit the bush.
You hit the oklob plant but do no damage.
The oklob plant is lightly damaged.
You hit the bush but do no damage. You hit the plant.
The plant begins to die.
The oklob plant spits acid at you. The splash of acid hits you!!
The acid corrodes you!
You slash the oklob plant!
The oklob plant is moderately damaged.
You slash the plant! You hit the bush but do no damage.
You hit the oklob plant but do no damage.
The oklob plant is moderately damaged.
You hit the bush but do no damage. You hit the plant but do no damage.
The oklob plant spits acid at you. The splash of acid hits you!!
The acid corrodes you!
You hit the oklob plant.
The oklob plant is heavily damaged.
You hit the bush but do no damage. You slash the plant!
The oklob plant spits acid at you. The splash of acid hits you!!
* * * LOW HITPOINT WARNING * * *
The acid corrodes you!
A nearby plant withers and dies.
The oklob plant spits acid at you. The splash of acid hits you!
You die...

####................# #
............P........#
..####......PPPP??.....#
............P$!P.......#
#..........P..PP........
#####......PP[.>P......#
#.....PPP.PPP......#
#.......P.PP.....
#.....@.P.P.....$
#................
#................
##...............
##...........###
###....###### ######


You could see 2 oklob plants.

Vanquished Creatures
  2 wandering mushrooms (D:8)
  Sigmund (D:5)
  5 yaks (D:6)
  Duvessa (D:7)
  A water moccasin (D:4)
  A floating eye (D:8)
  An ice beast (D:7)
  A necrophage (D:5)
  2 sky beasts
  2 ogres (D:6)
  A black bear (D:7)
  A centaur (D:7)
  A phantom (D:5)
  A water moccasin zombie (D:5)
  2 bullfrogs (D:7)
  4 scorpions
  2 water moccasin skeletons (D:5)
  Dowan (D:7)
  3 wights (D:8)
  A howler monkey (D:7)
  A centaur zombie (D:7)
  2 jellies
  2 orc priests
  4 hounds
  A centaur skeleton (D:7)
  Ijyb (D:4)
  An orc wizard (D:3)
  Robin (D:2)
  A howler monkey skeleton (D:6)
  A howler monkey zombie (D:6)
  4 adders
  3 white imps
  A worm (D:2)
  3 dart slugs
  16 orcs
  4 bats
  7 endoplasms
  7 giant cockroaches
  11 goblins
  12 hobgoblins
  10 kobolds
  6 quokkas
  3 ball pythons
  2 frilled lizards
  2 rats
140 creatures vanquished.

Vanquished Creatures (others)
  A plant (D:8)
1 creature vanquished.

Grand Total: 141 creatures vanquished

Notes
Turn   | Place    | Note
-------+----------+-------------------------------------------
     0 | D:1      | leviel the Hill Orc Fighter began the quest for the Orb.
     0 | D:1      | Reached XP level 1. HP: 19/19 MP: 1/1
    40 | D:1      | Reached skill level 3 in Axes
    50 | D:1      | Reached XP level 2. HP: 9/26 MP: 2/2
   428 | D:1      | Reached skill level 4 in Axes
   938 | D:1      | Reached XP level 3. HP: 29/31 MP: 3/3
  1140 | D:2      | Found a faded altar of an unknown god.
  1239 | D:2      | Reached skill level 5 in Axes
  1541 | D:2      | Noticed Robin
  1549 | D:2      | Killed Robin
  1550 | D:2      | Reached XP level 4. HP: 26/39 MP: 4/4
  1577 | D:2      | Reached skill level 6 in Axes
  2255 | D:3      | Reached XP level 5. HP: 41/45 MP: 5/5
  2303 | D:3      | Reached skill level 7 in Axes
  2830 | D:4      | Found a staircase to the Ecumenical Temple.
  2861 | Temple   | Entered the Ecumenical Temple
  3130 | Temple   | Became a worshipper of the Shining One
  3154 | D:4      | Noticed a water moccasin
  3167 | D:4      | Killed a water moccasin
  3168 | D:4      | Reached skill level 8 in Axes
  3168 | D:4      | Reached XP level 6. HP: 35/51 MP: 6/6
  3545 | D:4      | Noticed Ijyb
  3559 | D:4      | Killed Ijyb
  3560 | D:4      | Reached skill level 9 in Axes
  3762 | D:5      | Entered Level 5 of the Dungeon
  3789 | D:5      | Noticed a necrophage
  3801 | D:5      | Killed a necrophage
  3802 | D:5      | Reached XP level 7. HP: 47/57 MP: 7/7
  3872 | D:5      | Reached skill level 10 in Axes
  3978 | D:5      | Noticed Sigmund
  4001 | D:5      | Killed Sigmund
  4092 | D:5      | Reached skill level 11 in Axes
  4162 | D:5      | Reached XP level 8. HP: 28/64 MP: 8/8
  4409 | D:5      | Reached skill level 12 in Axes
  4736 | D:5      | Found Awnewoig's Serpentskin Sales.
  4741 | D:5      | Bought 6 curare-tipped darts for 43 gold pieces
  5001 | D:6      | Reached skill level 13 in Axes
  5178 | D:6      | Noticed a yak
  5179 | D:6      | Noticed a yak
  5179 | D:6      | Noticed a yak
  5179 | D:6      | Noticed a yak
  5179 | D:6      | Noticed a yak
  5224 | D:6      | Killed a yak
  5228 | D:6      | Killed a yak
  5229 | D:6      | Reached skill level 1 in Invocations
  5229 | D:6      | Reached skill level 1 in Evocations
  5232 | D:6      | Killed a yak
  5233 | D:6      | Reached XP level 9. HP: 15/71 MP: 8/10
  5546 | D:6      | Reached * piety under the Shining One
  5812 | D:6      | Reached skill level 14 in Axes
  6498 | D:7      | Reached skill level 5 in Fighting
  6831 | D:7      | Noticed Duvessa
  6832 | D:7      | Noticed Dowan
  6842 | D:7      | Killed Duvessa
  6855 | D:7      | Killed Dowan
  6856 | D:7      | Reached skill level 5 in Armour
  7268 | D:8      | Noticed an oklob plant
  7269 | D:8      | Noticed a wandering mushroom
  7269 | D:8      | an oklob plant changed into a wandering mushroom
  7278 | D:8      | Killed a wandering mushroom
  7279 | D:8      | Reached skill level 5 in Shields
  7279 | D:8      | Reached XP level 10. HP: 81/83 MP: 13/13
  7288 | D:8      | Noticed an oklob plant
  7289 | D:8      | an oklob plant changed into a wandering mushroom
  7299 | D:8      | Noticed an oklob plant
  7305 | D:8      | Reached skill level 5 in Invocations
  7324 | D:8      | Noticed an oklob plant
  7351 | D:8      | HP: 1/83 [oklob plant/splash of acid (26)]
  7353 | D:8      | Killed from afar by an oklob plant

Illustrated notes

Levels and vault maps discovered:
D:1:      minmay_arrival_glassed_features, layout_loops_cross,
          serial_bayou_pond_e, hex_large
D:2:      layout_loops_ring, hellmonk_ecumenical_altar_run_dry, uniq_robin
D:3:      layout_rooms
D:4:      nicolae_BIG_FREAKIN_CUBE, layout_cave_pools,
          minmay_temple_entry_junction, uniq_ijyb
D:5:      layout_rooms, guppyfry_shop_venom, uniq_sigmund
D:6:      layout_loops_ring, chequers_jeans
D:7:      layout_loops_ring, uniq_duvessa
D:8:      layout_rooms, nicolae_dithmenos_the_darkroom, nicolae_elemental_shop,
          minmay_liquid_box, st_stairs_5, disabler_island
Temple:   compressed_dpeg_triangle_lava_temple

Skill      XL: |  1  2  3  4  5  6  7  8  9 10 |
---------------+-------------------------------+-----
Axes           | 3 4 5 6 8 9 11 13 14 | 14.5
Invocations    | 1 4 5 |  5.0
Evocations     | 1 3 |  3.6
Fighting       | 4 5 |  5.9
Armour         | 5 |  5.4
Shields        | 5 |  5.3

Action                   |  1- 3 |  4- 6 |  7- 9 | 10-12 || total
-------------------------+-------+-------+-------+-------++-------
Melee: War axe           |    94 |   163 |   251 |     9 ||   517
Evoke: Wand              |       |       |    11 |     9 ||    20
  Use: Scroll            |       |     1 |       |       ||     1
       Potion            |       |       |     2 |       ||     2
Armor: Scale mail        |    38 |    26 |       |       ||    64
       Plate armour      |       |    70 |   114 |       ||   184
Dodge: Dodged            |    33 |    52 |    45 |       ||   130
Block: Buckler           |    25 |    22 |    40 |       ||    87
       Reflection        |       |       |     1 |       ||     1

Table legend: (Time is in decaauts)
 A = Elapsed time spent in this place.
 B = Non-inter-level travel time spent in this place.
 C = Inter-level travel time spent in this place.
 D = Time resting spent in this place.
 E = Time spent auto-exploring this place.
 F = Levels seen in this place.
 G = Mean time per level.
                   A        B        C        D        E       F      G
               +--------+--------+--------+--------+--------+-----+--------+
         Total |   7372 |   7126 |    246 |   1384 |   4563 |   9 |  819.1 |
       Dungeon |   7084 |   6875 |    209 |   1384 |   4347 |   8 |  885.5 |
        Temple |    288 |    251 |     37 |      0 |    216 |   1 |  288.0 |
               +--------+--------+--------+--------+--------+-----+--------+

Top non-repeatable levels by time:
     D:6: 1335 daAuts
     D:5: 1110 daAuts
     D:2: 1074 daAuts
     D:1: 1063 daAuts
     D:7: 929 daAuts
     D:4: 752 daAuts
     D:3: 636 daAuts
  Temple: 288 daAuts
     D:8: 181 daAuts
